 Dungeon Crawl Stone Soup version 0.25.0-10-g039870ee82 (webtiles) character file.

Game seed: 933048728342401304

(classic levelgen) 5715 EnegeticOcto the Cleaver (level 10, -2/84 HPs)
             Began as a Deep Dwarf Fighter on June 23, 2020.
             Was a Believer of Makhleb.
             Killed from afar by a frost giant (15 damage)
             ... with a bolt of cold
             ... on level 9 of the Dungeon.
             The game lasted 00:03:50 (6000 turns).

EnegeticOcto the Cleaver (Deep Dwarf Fighter)       Turns: 6000, Time: 00:03:51

Health: -2/84      AC: 14    Str: 22    XL:     10   Next: 48%
Magic:  8/8        EV:  6    Int: 10    God:    Makhleb [**....]
Gold:   396        SH: 16    Dex: 12    Spells: 9/9 levels left

rFire    . . .     SeeInvis .   a - +0 broad axe
rCold    . . .     Gourm    .   r - +0 tower shield
rNeg     . . .     Faith    .   b - +0 plate armour
rPois    .         Spirit   .   (no helmet)
rElec    .         Reflect  .   p - +0 cloak
rCorr    .         Harm     .   (no gloves)
MR       +....                  (no boots)
Stlth    ..........             (no amulet)
HPRegen  0.00/turn              (no ring)
MPRegen  0.11/turn              (no ring)

@: non-regenerating
A: damage resistance, heal wounds, frail 1, sense surroundings 2, sturdy frame
1, no regeneration
a: Heal Wounds, Minor Destruction, Renounce Religion


You were on level 9 of the Dungeon.
You worshipped Makhleb.
Makhleb was pleased with you.
You were not hungry.

You visited 2 branches of the dungeon, and saw 10 of its levels.

You collected 396 gold pieces.

Inventory:

Hand Weapons
 a - a +0 broad axe (weapon)
 s - a +1 antimagic morningstar
Missiles
 t - a throwing net (quivered)
Armour
 b - a +0 plate armour (worn)
 p - a +0 cloak (worn)
 r - a +0 tower shield (worn)
Wands
 i - a wand of digging (3) {@v3}
 w - a wand of flame (12) {@v4}
Scrolls
 c - 2 scrolls of blinking {@r4}
 d - 3 scrolls of identify {@r1}
 f - a scroll of fog
 g - 2 scrolls of remove curse {@r2}
 o - a scroll of magic mapping {@r5}
 v - a scroll of brand weapon {unknown}
Potions
 h - 3 potions of curing {@q1}
 j - a potion of lignification {@q7}
 k - 2 potions of might {@q3}
 l - a potion of flight
 m - 2 potions of magic
 n - 3 potions of haste {@q4}
 q - 2 potions of ambrosia
Comestibles
 e - 16 rations
 u - 11 chunks of flesh


   Skills:
 + Level 7.2 Fighting
 * Level 9.5 Axes
 + Level 7.3 Armour
 - Level 4.2 Dodging
 + Level 7.4 Shields
 * Level 7.7 Invocations


You had 9 spell levels left.
You didn't know any spells.
Your spell library was empty.

Dungeon Overview and Level Annotations

Branches:
Dungeon (9/15)             Temple (1/1) D:6            Lair (0/6) D:9
    Orc: D:9-12

Altars:
Ashenzari
Dithmenos
Elyvilon
Fedhas
Gozag
Hepliaklqana
Kikubaaqudgha
Makhleb
Nemelex Xobeh
Qazlal
Ru
Sif Muna
Trog
Uskayaw
Vehumet
Zin
The Shining One

Shops:
D:4 }   D:6 *

Portals:
Abyss: D:4

Annotations:
D:4 2 transporters, Kold's ghost, amateur DsGl
D:7 3 runed translucent doors, Kold's ghost, novice OpTm; protoss039's ghost, novice DEEE


Innate Abilities, Weirdness & Mutations

You are resistant to damage.
You can heal yourself by infusing magical energy.
You passively map the area around you.
You do not regenerate.
You are frail. (-10% HP)
Your movements are slightly less encumbered by armour. (ER -2)


Message History

You slash the slime creature! The slime creature hits you!
You block the manticore's attack.
The manticore claws you but does no damage.
You block the manticore's attack.
The slime creature hits you but does no damage.
You are too injured to fight recklessly!
You are too injured to fight recklessly!
Your magical essence is drained by the effort!
You feel much better. You block the manticore's attack.
The manticore claws you. You block the manticore's attack.
You block the slime creature's attack.
You slash the manticore!
The manticore is almost dead.
You hit the slime creature. You block the manticore's attack.
The manticore claws you but does no damage.
You block the manticore's attack. The slime creature barely misses you.
You hit the manticore.
The manticore is almost dead.
You hit the slime creature but do no damage.
You block the manticore's attack. x2; The manticore claws you.
The slime creature hits you!
You hit the manticore but do no damage.
The manticore is almost dead.
You slash the slime creature! You block the manticore's attack.
The manticore claws you but does no damage.
The manticore claws you. The slime creature hits you.
You completely miss the manticore.
The manticore is almost dead.
You slash the slime creature!
You kill the slime creature!
Makhleb accepts your kill.
The manticore bites you but does no damage.
The manticore barely misses you. x2
The manticore bites you but does no damage.
The manticore claws you. You block the manticore's attack.
You hit the manticore.
You kill the manticore!
Makhleb accepts your kill.
You feel better.
No target in view!
No target in view!
No target in view!
No target in view!
No target in view!
No target in view!
No target in view!
No target in view!
No target in view!
No target in view!
No target in view!
No target in view!
You butcher the orc corpse.
u - 11 chunks of flesh (gained 4)
You see here an orc skeleton. x2
You open the door.
A slime creature and a frost giant come into view.
The frost giant is wielding a +0 battleaxe of freezing.
The slime creature quivers.
Found four items.
There is an open door here.
There are monsters nearby!
There are monsters nearby!
There are monsters nearby!
There are monsters nearby!
There are monsters nearby!
There are monsters nearby!
The frost giant barely misses you. The slime creature barely misses you.
You slash the frost giant!
The frost giant is lightly wounded.
Your shield and plate armour prevent you from hitting the slime creature.
You block the slime creature's attack. You block the frost giant's attack.
The slime creature hits you.
You hit the frost giant.
The frost giant is lightly wounded.
Your shield and plate armour prevent you from hitting the slime creature.
The frost giant hits you with a +0 battleaxe of freezing!!
The frost giant freezes you!
* * * LOW HITPOINT WARNING * * *
The slime creature barely misses you.
You are too injured to fight recklessly!
You are too injured to fight recklessly!
You are too injured to fight recklessly!
You are too injured to fight recklessly!
You are too injured to fight recklessly!
You are too injured to fight recklessly!
You are too injured to fight recklessly!
You are too injured to fight recklessly!
You are too injured to fight recklessly!
You are too injured to fight recklessly!
You feel much better. The frost giant barely misses you.
The slime creature hits you!
You feel much better. You block the slime creature's attack.
The frost giant casts a spell at you. The bolt of cold hits you!!
* * * LOW HITPOINT WARNING * * *
You fail to use your ability.
The slime creature hits you!
* * * LOW HITPOINT WARNING * * *
The frost giant casts a spell at you. The bolt of cold hits you!
You die...

, ** *####. * ,
*, , >..., , ,
, ,... * ,
###########.#*
#........##.#
#........##)# *
, #........##.#
#'####...##.#
#.@C.#...##<# ,
#..J.#.รท.##.#
* *
###=:#...##.# ,
+:|#...'..# * *
*#######..# * *
#.# ##.# *
######.######.#
,
#...(.>.......#
* *
#.####.###...##


You could see a frost giant and a slime creature.

Vanquished Creatures
  A two-headed ogre (D:9)
  A manticore (D:9)
  Maggie (D:8)
  2 hippogriffs
  A slime creature (D:9)
  Sigmund (D:3)
  Eustachio (D:5)
  2 hungry ghosts
  Purgy (D:3)
  2 ice beasts
  An orc warrior (D:6)
  3 necrophages
  6 ogres
  3 centaurs
  6 bullfrogs
  A scorpion (D:4)
  3 wights (D:8)
  3 howler monkeys (D:8)
  2 electric eels
  4 crimson imps
  2 jellies
  6 hounds
  2 bullfrog skeletons
  2 orc priests (D:6)
  6 orc wizards
  2 gnoll shamans
  2 iguanas
  7 worker ants
  2 hound zombies
  5 hound skeletons
  2 worker ant zombies
  9 gnolls
  A howler monkey skeleton (D:4)
  6 adders
  2 shadow imps
  An adder zombie (D:9)
  A worm (D:6)
  5 leopard geckos
  18 orcs
  4 giant cockroaches
  A hobgoblin (D:3)
  6 jackals
  4 quokkas
  A ball python (D:5)
  6 bats
  2 frilled lizards
  A kobold (D:3)
  A quokka skeleton (D:7)
  4 rats
  A butterfly (D:6)
157 creatures vanquished.

Vanquished Creatures (others)
  A leopard gecko (D:8)
  An orc (D:8)
  2 withered plants (D:7)
4 creatures vanquished.

Grand Total: 161 creatures vanquished

Notes
Turn   | Place    | Note
-------+----------+-------------------------------------------
     0 | D:1      | EnegeticOcto the Deep Dwarf Fighter began the quest for the
                  | Orb.
     0 | D:1      | Reached XP level 1. HP: 20/20 MP: 1/1
   230 | D:1      | Reached XP level 2. HP: 25/27 MP: 2/2
   291 | D:2      | Found a hazy altar of Hepliaklqana.
   375 | D:2      | Reached XP level 3. HP: 28/34 MP: 3/3
   704 | D:3      | Noticed Purgy
   734 | D:3      | Killed Purgy
   734 | D:3      | Reached skill level 3 in Axes
   734 | D:3      | Reached skill level 1 in Dodging
   734 | D:3      | Reached XP level 4. HP: 27/43 MP: 4/4
   734 | D:3      | Reached XP level 5. HP: 31/49 MP: 5/5
   852 | D:3      | Noticed Sigmund
   866 | D:3      | Killed Sigmund
   866 | D:3      | Reached skill level 4 in Axes
   866 | D:3      | Reached XP level 6. HP: 30/57 MP: 5/5
  1013 | D:4      | Found a transporter.
  1044 | D:4      | Found a transporter.
  1044 | D:4      | Noticed an ancient zyme
  1061 | D:4      | Found a one-way gate to the infinite horrors of the Abyss.
  1061 | D:4      | Noticed Kold's ghost (amateur DsGl)
  1083 | D:4      | Found Jono Xau's Gadget Boutique.
  1431 | D:4      | Reached XP level 7. HP: 33/66 MP: 5/5
  1469 | D:4      | Found a stormy altar of Qazlal.
  1701 | D:5      | Entered Level 5 of the Dungeon
  1759 | D:5      | Got a jet-studded scale mail
  1770 | D:5      | Identified the +2 scale mail of the Zebra {rC+ Stlth+} (You
                  | found it on level 5 of the Dungeon)
  1820 | D:5      | Reached skill level 5 in Axes
  1992 | D:5      | Reached skill level 5 in Fighting
  2167 | D:5      | Noticed Eustachio
  2185 | D:5      | Reached skill level 5 in Armour
  2185 | D:5      | Reached skill level 5 in Shields
  2187 | D:5      | Killed Eustachio
  2187 | D:5      | Reached skill level 6 in Axes
  2187 | D:5      | Reached XP level 8. HP: 49/74 MP: 6/6
  2636 | D:6      | Found Unkowuydgh's General Store.
  2808 | D:6      | Found a white marble altar of Elyvilon.
  3058 | D:6      | Found a glowing golden altar of the Shining One.
  3249 | D:6      | Found a staircase to the Ecumenical Temple.
  3273 | Temple   | Entered the Ecumenical Temple
  3400 | Temple   | Became a worshipper of Makhleb the Destroyer
  3691 | D:7      | Reached skill level 1 in Invocations
  3780 | D:7      | Reached skill level 7 in Axes
  3833 | D:7      | Found a runed translucent gate.
  3834 | D:7      | Found a runed translucent gate.
  3835 | D:7      | Found a runed translucent gate.
  3836 | D:7      | Noticed Kold's ghost (novice OpTm)
  3837 | D:7      | Noticed protoss039's ghost (novice DEEE)
  3989 | D:7      | Noticed a hippogriff
  4005 | D:7      | Killed a hippogriff
  4005 | D:7      | Gained mutation: You passively map the area around you.
                  | [Deep Dwarf growth]
  4005 | D:7      | Reached XP level 9. HP: 53/82 MP: 6/8
  4139 | D:7      | Reached * piety under Makhleb
  4921 | D:8      | Noticed Maggie
  4937 | D:8      | Reached skill level 8 in Axes
  4940 | D:8      | Reached skill level 5 in Invocations
  4965 | D:8      | Killed Maggie
  5351 | D:8      | Reached XP level 10. HP: 44/92 MP: 8/8
  5358 | D:8      | Gained mutation: You are frail. (-10% HP) [potion of
                  | mutation]
  5358 | D:8      | Gained mutation: Your movements are slightly less
                  | encumbered by armour. (ER -2) [potion of mutation]
  5721 | D:8      | Found a glowing silver altar of Zin.
  5724 | D:8      | Found a hide-covered altar of Uskayaw.
  5727 | D:8      | Found a sparkling altar of Nemelex Xobeh.
  5781 | D:9      | Noticed a two-headed ogre
  5792 | D:9      | Killed a two-headed ogre
  5792 | D:9      | Reached skill level 9 in Axes
  5964 | D:9      | Noticed a manticore
  5970 | D:9      | Reached ** piety under Makhleb
  5984 | D:9      | Killed a manticore
  5994 | D:9      | Noticed a frost giant
  6000 | D:9      | Killed from afar by a frost giant

Illustrated notes

Levels and vault maps discovered:
D:1:      psy_arrival_wood_between_worlds, layout_basic, feat_on_display
D:2:      layout_loops_corners, overflow_temple_1_default
D:3:      layout_basic, hangedman_decor_growths, uniq_purgy, uniq_sigmund
D:4:      layout_loops_cross, grunt_qazlal_clouds, serial_shops, shop_coins,
          gammafunk_ghost_abyssal_escape, kennysheep_flooded_box, bh_chokoban
D:5:      layout_loops_corners, first_ration, uniq_eustachio
D:6:      layout_basic, tso_altar, nicolae_overflow_crystal_walls,
          minmay_temple_entry_butterflies, serial_shops, shop
D:7:      minmay_s_stair_smasher, layout_basic, gammafunk_ghost_cemetery,
          grunt_ogre_cave, water_boxes_lemuel
D:8:      cheibrodos_helix_gallery, layout_basic, grunt_temple_overflow_diamond,
          minmay_fractal_squares_diagonal_5, uniq_maggie
D:9:      minmay_shrinking_squares, layout_loops_ring, doesnt_xom_only_xom,
          lair_entry_dummy
Temple:   dpeg_chambers_temple

Skill      XL: |  1  2  3  4  5  6  7  8  9 10 |
---------------+-------------------------------+-----
Fighting       | 3 4 5 6 7 |  7.2
Axes           | 3 4 6 7 8 9 |  9.5
Dodging        | 1 2 3 4 |  4.2
Armour         | 4 5 6 7 |  7.3
Shields        | 4 5 6 7 |  7.4
Invocations    | 2 6 7 |  7.7

Action                   |  1- 3 |  4- 6 |  7- 9 | 10-12 || total
-------------------------+-------+-------+-------+-------++-------
Melee: War axe           |    90 |    67 |   516 |       ||   673
       Broad axe         |       |       |       |    99 ||    99
 Abil: Heal Wounds       |     1 |     2 |    22 |     4 ||    29
  Use: Scroll            |       |       |    11 |     2 ||    13
       Potion            |       |       |       |     1 ||     1
 Stab: Sleeping          |       |       |     1 |       ||     1
  Eat: Chunk             |       |     2 |     9 |     8 ||    19
       Ration            |       |       |     2 |       ||     2
Armor: Scale mail        |    78 |    18 |    70 |       ||   166
       Plate armour      |       |       |   206 |    45 ||   251
Dodge: Dodged            |    59 |    23 |   124 |    29 ||   235
Block: Kite shield       |    82 |    38 |   134 |       ||   254
       Tower shield      |       |       |   306 |   105 ||   411
